 Dungeon Crawl Stone Soup version 0.28.0-47-ge53b351184 (webtiles) character file.

Game seed: 9063700722539690868

162 Bruhh the Ruffian (level 5, -5/40 HPs)
             Began as a Draconian Transmuter on Apr 30, 2022.
             Was an Initiate of Okawaru.
             Slain by a scorpion (8 damage)
             ... on level 5 of the Dungeon.
             The game lasted 00:05:35 (4728 turns).

Bruhh the Ruffian (Draconian Transmuter)            Turns: 4728, Time: 00:05:36

Health: -5/40      AC:  2    Str: 12    XL:     5   Next: 19%
Magic:  5/9        EV: 19    Int: 16    God:    Okawaru [......]
Gold:   186        SH:  0    Dex: 16    Spells: 3/9 levels left

rFire   . . .      SeeInvis .     - Unarmed
rCold   . . .      Faith    .   (shield currently unavailable)
rNeg    . . .      Spirit   .   (armour unavailable)
rPois   x          Reflect  .   (helmet currently unavailable)
rElec   .          Harm     .   (cloak currently unavailable)
rCorr   .          Rampage  .   (gloves currently unavailable)
Will    .....                   (boots currently unavailable)
Stlth   +.........              (no amulet)
HPRegen 0.13/turn               (no ring)
MPRegen 0.11/turn               (no ring)

@: lethally poisoned (-5 -> -25), spider-form (expiring)
A: venomous fangs, AC +5, tiny, unfitting armour, (cold-blooded)
a: End Transformation, Renounce Religion


You were on level 5 of the Dungeon.
You worshipped Okawaru.
Okawaru was noncommittal.
You were a venomous arachnid creature.
You visited 2 branches of the dungeon, and saw 6 of its levels.

You collected 186 gold pieces.

Inventory:

Wands
 n - a wand of iceblast (2)
Scrolls
 a - a scroll of amnesia {unknown}
 c - a scroll of immolation {unknown}
 d - a scroll of noise {unknown}
 e - 2 scrolls of teleportation {unknown}
 f - a scroll of fog {unknown}
 i - 3 scrolls of identify {unknown}
Potions
 b - a potion of heal wounds {unknown}
 g - a potion of mutation {unknown}
 h - a potion of curing {unknown}
 j - 2 potions of magic {unknown}
 k - a potion of brilliance {unknown}
 l - a potion of ambrosia {unknown}
 m - a potion of attraction {unknown}


   Skills:
 - Level 1.1 Fighting
 - Level 1.7 Dodging
 - Level 5.0 Unarmed Combat
 + Level 2.8 Spellcasting
 + Level 3.0 Transmutations


You had 3 spell levels left.
You knew the following spells:

 Your Spells              Type           Power      Damage    Failure   Level
a - Beastly Appendage     Tmut           22%        N/A       16%         1
b - Wereblood             Tmut           11%        N/A       22%         2
c - Spider Form           Tmut/Pois      7%         N/A       52%         3

Your spell library contained the following spells:

 Spells                   Type           Power      Damage    Failure   Level
 Corpse Rot               Necr/Air       4%         N/A       50%         2
 Poisonous Vapours        Pois/Air       4%         N/A       50%         2
 Inner Flame              Hex/Fire       2%         N/A       71%         3
 Ice Form                 Ice/Tmut       7%         N/A       87%         4
 Cause Fear               Hex            1%         N/A       96%         4
 Discord                  Hex            1%         N/A       100%        8


Dungeon Overview and Level Annotations

Branches:
Dungeon (5/15)             Temple (1/1) D:4

Altars:
Ashenzari
Cheibriados
Dithmenos
Elyvilon
Fedhas
Hepliaklqana
Kikubaaqudgha
Makhleb
Nemelex Xobeh
Okawaru
Qazlal
Ru
Sif Muna
Trog
Uskayaw
Vehumet
Wu Jian
Xom
Yredelemnul
Zin
The Shining One

Annotations:
D:5 Prince Ribbit


Innate Abilities, Weirdness & Mutations

You are a venomous arachnid creature.
You have poisonous fangs.
You are tiny and dextrous.
Your spellcasting is less reliable in this form.
Your armour is entirely melded.
You are incapable of wielding weapons or throwing items.
((Your plain brown scales are hard. (AC +5)))
You cannot fit into any form of body armour.
((You are cold-blooded and may be slowed by cold attacks.))


Message History

You closely miss Prince Ribbit.
Prince Ribbit is lightly wounded.
Prince Ribbit misses you.
Your magical contamination has completely faded away.
You completely miss Prince Ribbit.
Prince Ribbit is lightly wounded.
Prince Ribbit closely misses you. x2
You hit Prince Ribbit.
Prince Ribbit is poisoned.
Prince Ribbit is lightly wounded.
Prince Ribbit barely misses you.
You hit Prince Ribbit.
Prince Ribbit is lightly wounded.
Prince Ribbit misses you.
You closely miss Prince Ribbit.
Prince Ribbit is lightly wounded.
Your transformation is almost over.
Prince Ribbit hits you!
You hit Prince Ribbit but do no damage.
Prince Ribbit looks as sick as possible!
Prince Ribbit is lightly wounded.
Prince Ribbit blinks!
A scorpion comes into view.
Prince Ribbit hits you!
You bite Prince Ribbit!
Prince Ribbit is heavily wounded.
Prince Ribbit hits you!
Prince Ribbit blinks! x2
Prince Ribbit blinks!
You hit the scorpion.
The scorpion is poisoned.
The scorpion is moderately wounded.
The scorpion stings you.
* * * LOW HITPOINT WARNING * * *
You are lethally poisoned!
The scorpion poisons you!
You hit the scorpion but do no damage.
The scorpion looks as sick as possible!
The scorpion is moderately wounded.
* * * LOW HITPOINT WARNING * * *
You feel very sick. The scorpion stings you!
You die...

### #.# #.#
### #.# #<#
####.# #.#
#.ยง..###.#
#.##..ss.#
#..F######
###.#
#.......#
..#######


You could see Prince Ribbit (very poisoned) and a scorpion (extremely poisoned).

Vanquished Creatures
  Ijyb (D:4)
  4 adders
  A worm (D:2)
  4 dart slugs
  4 orcs (D:3)
  4 ball pythons
  7 endoplasms
  5 giant cockroaches
  4 goblins
  3 hobgoblins
  12 jackals
  4 quokkas
  7 bats
  4 frilled lizards
  12 kobolds
  5 rats
81 creatures vanquished.

Notes
Turn   | Place    | Note
-------+----------+-------------------------------------------
     0 | D:1      | Bruhh the Draconian Transmuter began the quest for the Orb.
     0 | D:1      | Reached XP level 1. HP: 16/16 MP: 3/3
   314 | D:1      | Reached XP level 2. HP: 16/23 MP: 3/5
   585 | D:1      | Reached skill level 4 in Unarmed Combat
   670 | D:1      | Reached XP level 3. HP: 20/28 MP: 6/6
   765 | D:1      | Found a faded altar of an unknown god.
  1362 | D:2      | Learned a level 2 spell: Wereblood
  1894 | D:2      | Reached skill level 5 in Unarmed Combat
  1894 | D:2      | Reached XP level 4. HP: 23/35 MP: 5/7
  2356 | D:3      | Found a glowing drain.
  3352 | D:4      | Found a staircase to the Ecumenical Temple.
  3400 | Temple   | Entered the Ecumenical Temple
  3854 | Temple   | Became a worshipper of Warmaster Okawaru
  4123 | D:4      | Noticed Ijyb
  4134 | D:4      | Killed Ijyb
  4135 | D:4      | Reached XP level 5. HP: 9/40 MP: 5/9
  4692 | D:4      | Learned a level 3 spell: Spider Form
  4696 | D:5      | Entered Level 5 of the Dungeon
  4707 | D:5      | Noticed Prince Ribbit
  4728 | D:5      | Slain by a scorpion

Illustrated notes

Levels and vault maps discovered:
D:1:      minmay_arrival_stair_chambers, layout_basic,
          ebering_ecumenical_altar_webs, minmay_pentomino_q4
D:2:      layout_rooms
D:3:      layout_loops_ring, serial_bayou, serial_bayou_ford_a,
          serial_bayou_lagoon_b, serial_bayou_lagoon_a, serial_bayou_crossing,
          portal_sewer_entry_f, minmay_misc_feat_diagonals
D:4:      layout_gridville, minmay_temple_entry_mist, uniq_ijyb
D:5:      layout_basic, uniq_prince_ribbit1, uniq_sigmund
Temple:   compressed_dpeg_triangle_lava_temple

Skill      XL: |  1  2  3  4 |
---------------+-------------+-----
Unarmed Combat | 4 5 |  5.0
Transmutations | 3 |  3.0
Fighting       | |  1.1
Dodging        | |  1.7
Spellcasting   | |  2.8

Action                   |  1- 3 |  4- 6 || total
-------------------------+-------+-------++-------
Melee: Unarmed           |   103 |   124 ||   227
       Kick              |    16 |    17 ||    33
       Tailslap          |    10 |     8 ||    18
       Headbutt          |     8 |    15 ||    23
       Punch             |     3 |     5 ||     8
 Cast: Beastly Appendage |    24 |    18 ||    42
       Wereblood         |       |     3 ||     3
       Spider Form       |       |     1 ||     1
Armor: Skin              |    44 |    35 ||    79
Dodge: Dodged            |    65 |    75 ||   140
